Map: [ESL] Stargazers

Players

Elazer - Winner!

  • Race: Zerg Zerg
  • Spawn Location: 1:00

RagnaroK (SHIN)

  • Race: Zerg Zerg
  • Spawn Location: 11:00

Event: DreamHack SC2 Masters 2022 Valencia

VOD

Have the link to the VOD?

Description

Time

  • Played on: July 2, 2022, 11:14 a.m.
  • Length: 5:40

All games in this series

Show
View Real Time Build Order
Export as new Build Order

Elazer Zerg - Winner!

Build Orders: Hatch First 

Get SALT Encoding   

  12  0:00  Drone  
  13  0:12  Overlord  
  13  0:17  Drone  
  14  0:30  Drone x2  
  16  0:48  Hatchery  
  15  0:51  Drone  
  15  0:54  Drone  
  17  0:58  Drone  
  18  1:09  Extractor  
  17  1:13  Spawning Pool  
  17  1:16  Drone  
  17  1:19  Drone  
  18  1:28  Drone  
  19  1:38  Drone  
  20  1:50  Drone  
  21  1:59  Queen x2  
  25  2:01  Zergling x2  
  25  2:02  Overlord  
  25  2:08  Metabolic Boost  
  26  2:12  Drone x2  
  28  2:21  Drone x2  
  30  2:32  Drone x2  
  32  2:39  Hatchery  
  32  2:43  Overlord  
  31  2:45  Drone  
  31  2:50  Baneling Nest  
  31  2:55  Drone x2  
  33  3:07  Zergling x8  
  33  3:08  Drone x3  
  40  3:16  Drone  
  40  3:17  Overlord  
  40  3:18  Drone  
  42  3:29  Extractor  
  42  3:30  Roach Warren  
  42  3:32  Drone x2  
  42  3:39  Drone x4  
  46  3:42  Drone  
  46  3:43  Overlord  
  46  3:46  Zergling x4  
  49  3:53  Overlord  
  49  4:02  Overlord  
  49  4:11  Roach x4  
  49  4:14  Roach x4  
  49  4:15  Roach  
  67  4:20  Roach  
  68  4:26  Roach  
  68  4:29  Overlord  
  68  4:30  Roach  
  68  4:31  Roach x2  
  76  4:34  Zergling x4  
  76  4:38  Baneling x2  
  78  4:41  Zergling x4  
  78  4:42  Baneling  
  80  4:46  Zergling x2  
  80  4:47  Zergling x2  
  80  4:51  Zergling x6  
  83  4:56  Ravager  
  83  4:59  Queen  
  84  5:05  Zergling x12  
  88  5:09  Zergling x2  
  88  5:10  Zergling x2  
  87  5:16  Zergling x2  
Show
View Real Time Build Order
Export as new Build Order

RagnaroK Zerg 

Build Orders: Hatch First 

Get SALT Encoding   

  12  0:00  Drone  
  13  0:14  Overlord  
  13  0:18  Drone  
  14  0:33  Drone x2  
  16  0:48  Hatchery  
  15  0:52  Drone  
  15  0:55  Drone  
  17  0:59  Drone  
  18  1:09  Extractor  
  17  1:14  Spawning Pool  
  17  1:17  Drone  
  17  1:22  Drone  
  18  1:30  Drone  
  19  1:40  Drone  
  20  1:51  Drone  
  21  2:01  Drone, Queen x2  
  25  2:02  Drone  
  27  2:11  Drone  
  27  2:13  Overlord  
  27  2:14  Metabolic Boost  
  28  2:28  Hatchery  
  27  2:30  Zergling x2  
  27  2:32  Zergling x2  
  27  2:35  Drone  
  30  2:37  Drone  
  31  2:45  Baneling Nest, Drone  
  31  2:47  Drone  
  32  2:54  Queen  
  34  2:59  Overlord  
  34  3:05  Zergling x4  
  36  3:13  Evolution Chamber  
  36  3:17  Drone x4  
  39  3:21  Drone x2  
  39  3:25  Drone  
  42  3:30  Overlord  
  42  3:35  Drone  
  42  3:39  Zerg Ground Armor Level 1  
  42  3:41  Drone x2  
  45  3:45  Overlord  
  45  3:48  Drone  
  45  3:49  Drone  
  45  3:52  Zergling x2  
  45  3:54  Zergling x2  
  49  3:58  Baneling  
  49  4:02  Roach Warren  
  48  4:03  Extractor  
  48  4:05  Drone x2, Extractor  
  48  4:13  Overlord  
  48  4:14  Drone x2  
  49  4:19  Overlord  
  49  4:20  Drone x3  
  52  4:26  Zergling x8  
  56  4:32  Overlord  
  56  4:42  Roach x5  
  65  4:46  Roach  
  66  4:53  Roach x3  
  66  4:54  Zergling x2  
  66  4:57  Zergling x2  
  71  5:01  Roach  
  71  5:04  Roach  
  71  5:07  Roach  
  71  5:09  Zergling x2  
  71  5:11  Roach  
  71  5:12  Zergling x2  
  73  5:15  Roach  
  73  5:18  Roach  
  73  5:20  Roach  
  66  5:22  Zergling x2  

Tags
 
Add a new tag
Caveats
  • Supply blocks, unpowered buildings, or Contaminate may cause inaccurate times.
  • Supply counts are checked every 10 seconds.